Description

Watch this shit

Replay - Mac Watch this

Build Order

Get SALT Encoding   

  12  0:01  SCV  
  13  0:13  SCV  
  14  0:17  Supply Depot  
  14  0:27  SCV  
  15  0:28  Refinery  
  15  0:39  SCV  
  16  0:45  Barracks  
  16  0:51  SCV  
  17  0:59  Refinery  
  17  1:03  SCV  
  18  1:15  SCV  
  19  1:27  SCV  
  20  1:35  Supply Depot, Factory  
  20  1:37  Barracks Reactor  
  20  1:47  Orbital Command  
  20  2:15  Marine x2  
  20  2:17  SCV  
  20  2:18  Starport  
  20  2:19  Factory Tech Lab  
  23  2:29  SCV  
  24  2:33  Marine x2  
  26  2:39  Siege Tank  
  30  2:45  Supply Depot  
  30  2:59  Starport Tech Lab  
  30  3:00  Marine  
  31  3:07  Marine  
  31  3:08  Supply Depot  
  32  3:15  Siege Tank  
  35  3:22  Cloaking Field  
  35  3:23  Marine x2  
  37  3:31  Supply Depot, Banshee  
  40  3:41  Marine x2  
  42  3:50  Siege Tank  
  47  4:14  Banshee  
  52  4:31  Siege Tank  
  57  4:52  Command Center  
  57  4:58  Banshee  
Spawning Tool Build Advisor. Get it on Overwolf

Analysis

Mac zerg sucks.

Go to:

Details

  • Created by: WangGang
  • Published on: May 27, 2019
  • Modified on: May 27, 2019
  • Patch: 4.7.1
Show
View Real Time Build Order
Export as new Build Order

Comments (0)

There are no comments. Be the first!

Create an account to comment!